AoeStats
← JuryParty6413

Arabia

510119230Analyzed
1v1 RM · 3d ago on Sep 29, 2026· 30m 24s· 2 players
Game mode
Random Map
Map size
Tiny (2 player)
Population
200
Speed
Normal
Resources
Standard
Victory
Conquest
Starting age
Dark Age
Ending age
Imperial Age
RankedLock teamsTeams togetherTeam positionsShared explorationLock speedFull tech treeHidden civsTurbo modeCheats
Victory
Defeat
🇦🇷 Inca · Argentina
1178
+15
🇮🇳 Aztecs · India
1161
-15
JuryParty6413
6:44 Loom
9:51 Feudal Age
9:54 Man-at-Arms
13:03 Gold Mining
15:37 Fletching
17:07 Double-Bit Axe
23:36 Castle Age
23:18 Forging
23:09 Scale Mail Armor
23:39 Eagle Warrior
26:33 Horse Collar
27:32 Squires
27:40 Long Swordsman
Anak
6:59 Loom
9:39 Feudal Age
9:47 Champi Runner
15:16 Double-Bit Axe
16:33 Horse Collar
21:55 Castle Age
20:37 Scale Mail Armor
22:30 Forging
22:08 Champi Warrior
22:50 Squires
23:44 Chain Mail Armor
27:25 Iron Casting
29:43 Bow Saw
29:52 Town Watch
Connection lost

Rejoining the realm…

Still unreachable

The connection could not be restored.

Session expired

The server has moved on; the page needs a fresh start.